Map: At Eternity's Edge LE

Players

Kosmatiy

  • Race: Terran Terran
  • League: Diamond

Altik - Winner!

  • Race: Protoss Protoss
  • League: Diamond

VOD

Have the link to the VOD?

Description

Time

  • Played on: Aug. 25, 2026, 1:45 a.m.
  • Length: 9:30
Show
View Real Time Build Order
Export as new Build Order

Kosmatiy Terran 

Build Orders: Reaper Expand 

Get SALT Encoding   

  8  0:03  SCV  
  9  0:15  SCV  
  10  0:27  SCV  
  11  0:30  Supply Depot  
  11  0:39  SCV  
  12  0:51  SCV  
  12  0:56  Barracks  
  13  1:02  Refinery  
  13  1:07  SCV  
  14  1:20  SCV  
  15  1:32  SCV  
  16  1:45  Orbital Command, Reaper  
  17  2:02  Command Center  
  17  2:12  Supply Depot  
  17  2:15  SCV  
  18  2:19  Marine  
  19  2:27  SCV  
  20  2:37  Factory  
  20  2:40  Barracks Reactor  
  20  2:50  Bunker  
  20  3:15  SCV  
  20  3:17  Marine x2  
  20  3:18  Refinery, Orbital Command  
  23  3:27  Starport  
  23  3:29  Factory Tech Lab  
  23  3:30  SCV  
  24  3:36  Marine x2  
  26  3:42  SCV  
  27  3:54  Marine x2  
  29  3:59  SCV  
  29  4:00  Cyclone  
  33  4:05  SCV  
  34  4:11  SCV, Marine  
  34  4:12  Marine  
  37  4:17  SCV, Medivac  
  40  4:24  Engineering Bay  
  40  4:25  SCV  
  40  4:29  Marine  
  42  4:34  Supply Depot  
  42  4:55  Marine  
  42  4:56  SCV x2, Cyclone  
  48  5:08  SCV, Marine  
  48  5:12  Missile Turret  
  48  5:13  Terran Infantry Weapons Level 1  
  50  5:14  Missile Turret  
  50  5:19  Supply Depot  
  50  5:20  Supply Depot  
  50  5:21  Supply Depot, Marine  
  50  5:27  Starport Tech Lab  
  51  5:32  Barracks  
  51  5:34  Barracks  
  51  5:45  SCV x2  
  51  5:49  Refinery  
  53  5:56  Marine  
  53  5:57  Marine, SCV  
  55  6:00  Starport Reactor  
  56  6:14  Marine  
  57  6:30  SCV x2  
  57  6:31  Barracks  
  57  6:32  Barracks  
  59  6:42  SCV  
  59  6:43  SCV  
  43  6:57  Medivac x2  
  43  6:58  Factory Reactor, Combat Shield  
  43  6:59  Stimpack  
  43  7:00  Marauder x2, Marine x2  
  47  7:02  SCV x2  
  49  7:09  Terran Infantry Armor Level 1  
  49  7:12  Armory, Engineering Bay  
  49  7:14  SCV x2  
  51  7:22  Marine x2  
  55  7:23  Marauder x2  
  55  7:24  Barracks Tech Lab  
  55  7:26  SCV  
  55  7:29  Medivac  
  60  7:40  Marine x4  
  66  7:44  Marauder  
  66  7:45  Marauder  
  66  7:46  Supply Depot x2  
  68  7:52  Concussive Shells  
  68  7:53  Medivac  
  68  7:55  Widow Mine  
  68  7:57  Marine x2  
  76  8:06  Marauder x2  
  78  8:15  Marine x2  
  78  8:16  Widow Mine  
  84  8:27  Marauder x2  
  84  8:28  Marine x2, Marauder  
  84  8:33  Marine x2  
  92  8:44  Widow Mine  
  92  8:45  Marine x2  
  98  8:48  Marauder  
  98  8:59  Marine x2  
  98  9:03  Marine x2  
  98  9:05  Marine  
  98  9:06  Widow Mine, Marauder  
Show
View Real Time Build Order
Export as new Build Order

Altik Protoss - Winner!

Build Orders: Oracle Opening 

Get SALT Encoding   

  8  0:00  Probe (Chrono Boost)  
  9  0:12  Probe (Chrono Boost)  
  10  0:19  Probe (Chrono Boost)  
  11  0:27  Probe  
  12  0:33  Pylon  
  12  0:39  Probe  
  13  0:51  Probe  
  13  0:55  Gateway  
  14  1:03  Probe (Chrono Boost)  
  15  1:05  Assimilator  
  15  1:16  Probe (Chrono Boost)  
  16  1:22  Probe (Chrono Boost)  
  17  1:32  Probe  
  18  1:44  Probe  
  19  1:47  Nexus  
  19  1:57  Cybernetics Core  
  19  2:05  Probe  
  19  2:08  Assimilator  
  20  2:25  Pylon  
  20  2:31  Probe  
  21  2:43  Probe, Stalker (Chrono Boost)  
  24  2:49  Stargate  
  24  2:58  Probe  
  24  3:10  Probe  
  24  3:15  Stalker  
  26  3:22  Probe  
  27  3:30  Warp Gate  
  27  3:36  Probe  
  27  3:37  Oracle  
  31  3:54  Probe x2 (Chrono Boost)  
  33  4:05  Sentry  
  33  4:06  Probe (Chrono Boost)  
  36  4:11  Probe (Chrono Boost)  
  37  4:19  Nexus, Pylon  
  37  4:21  Probe x2  
  39  4:27  Gateway  
  39  4:31  Twilight Council  
  39  4:33  Probe  
  40  4:39  Probe  
  41  4:46  Probe  
  41  4:51  Probe  
  43  4:58  Probe  
  44  5:03  Probe  
  45  5:07  Charge (Chrono Boost)  
  45  5:10  Probe  
  46  5:14  Zealot x2  
  46  5:18  Pylon  
  50  5:27  Pylon  
  50  5:30  Probe x2  
  52  5:38  Forge  
  52  5:41  Zealot x2  
  56  5:44  Pylon  
  56  5:46  Probe  
  56  5:47  Probe x2  
  59  5:55  Zealot x2  
  63  6:03  Gateway  
  63  6:05  Gateway  
  63  6:06  Protoss Ground Armor Level 1 (Chrono Boost)  
  63  6:07  Pylon  
  63  6:13  Shield Battery  
  63  6:14  Zealot x2, Shield Battery  
  67  6:23  Probe x2  
  69  6:29  Probe  
  70  6:35  Probe x2  
  70  6:37  Zealot x2  
  76  6:42  Probe  
  71  6:57  Zealot x2  
  71  6:59  Zealot  
  71  7:00  Zealot, Probe  
  71  7:01  Probe  
  81  7:07  Probe  
  82  7:10  Gateway x2  
  82  7:12  Gateway  
  82  7:13  Probe x2  
  84  7:19  Probe  
  84  7:22  Photon Cannon  
  85  7:25  Probe x2  
  85  7:26  Zealot x4  
  95  7:30  Robotics Facility  
  95  7:41  Pylon  
  95  7:42  Pylon  
  95  7:43  Pylon  
  95  7:44  Templar Archives  
  95  7:49  Assimilator  
  95  7:51  Assimilator  
  95  7:59  Probe x2  
  95  8:00  Probe  
  95  8:01  Zealot x4  
  95  8:04  Zealot x2  
  95  8:05  Zealot  
  112  8:12  Probe x2  
  114  8:20  Pylon x2  
  114  8:22  High Templar x2  
  118  8:29  Robotics Bay  
  118  8:32  Observer (Chrono Boost)  
  119  8:34  Photon Cannon  
  119  8:38  High Templar x2, Zealot x3  
  129  8:43  Probe  
  129  8:44  Probe x2, Photon Cannon x2  
  129  8:47  Shield Battery  
  132  8:49  Assimilator  
Tags
 
Add a new tag
Caveats
  • Supply blocks, unpowered buildings, or Contaminate may cause inaccurate times.
  • Supply counts are checked every 10 seconds.